 Dungeon Crawl Stone Soup version 0.20.0-15-g7f486f2 (webtiles) character file.

180 greprep the Ruffian (level 5, -12/46 HPs)
             Began as a Ghoul Monk on June 26, 2017.
             Mangled by Exporg's ghost (13 damage)
             ... on level 3 of the Dungeon.
             The game lasted 00:05:02 (1940 turns).

greprep the Ruffian (Ghoul Monk)                    Turns: 1940, Time: 00:05:02

Health: -12/46     AC:  2    Str: 16    XL:     5   Next: 60%
Magic:  4/4        EV: 13    Int:  5    God:
Gold:   62         SH:  0    Dex: 11    Spells: 4/4 levels left

rFire    . . .     SeeInvis +     - Unarmed
rCold    + . .     Gourm    .   (no shield)
rNeg     + + +     Faith    .   a - +0 robe
rPois    ∞         Spirit   .   (no helmet)
rElec    .         Reflect  .   (no cloak)
rCorr    .         Harm     .   (no gloves)
MR       +....                  (no boots)
Stlth    ++........             (no amulet)
Regen    0.0/turn               f - ring of protection from magic
MPRegen  0.1/turn               m - ring of see invisible

@: rotting
A: rotting body, claws 1, carnivore 3, cold resistance 1, negative energy
resistance 3, inhibited regeneration, torment resistance, unbreathing
a: no special abilities


You were on level 3 of the Dungeon.
You were not hungry.

You visited 1 branch of the dungeon, and saw 3 of its levels.

You collected 62 gold pieces.

Inventory:

Armour
 a - a +0 robe (worn)
Jewellery
 f - a ring of protection from magic (left claw)
 g - an uncursed ring of flight
 m - a ring of see invisible (right claw)
Scrolls
 d - a scroll of identify {unknown}
 e - a scroll of fear
 i - a scroll of immolation {unknown}
 l - a scroll of remove curse
 n - a scroll of magic mapping {unknown}
 o - a scroll of noise {unknown}
 p - a scroll of teleportation {unknown}
Potions
 c - 2 potions of lignification {unknown}
 h - 2 potions of curing {unknown}
 j - 2 potions of heal wounds {unknown}
 k - 2 potions of haste {unknown}
Comestibles
 b - 3 meat rations


   Skills:
 + Level 4.0 Fighting
 + Level 3.3 Dodging
 - Level 2.1 Stealth
 * Level 5.7 Unarmed Combat


You had 4 spell levels left.
You didn't know any spells.

Dungeon Overview and Level Annotations

Branches:
Dungeon (3/15)

Altars:
Nemelex Xobeh

Annotations:
D:3 Exporg's ghost, amateur MiFi


Innate Abilities, Weirdness & Mutations

Your body is rotting away.
You thrive on raw meat.
You are immune to poison.
You have sharp fingernails.
You are carnivorous and can eat meat at any time.
Your flesh is cold resistant. (rC+)
You are immune to negative energy. (rN+++)
You do not regenerate when monsters are visible.
You are immune to unholy pain and torment.
You can survive without breathing.


Message History

You scratch Exporg's ghost but do no damage.
Exporg's ghost is severely damaged.
Exporg's ghost hits you.
* * * LOW HITPOINT WARNING * * *
You scratch Exporg's ghost but do no damage.
Exporg's ghost is severely damaged.
Exporg's ghost completely misses you.
You scratch Exporg's ghost.
Exporg's ghost is severely damaged.
You scratch Exporg's ghost.
Exporg's ghost is severely damaged.
Exporg's ghost completely misses you.
You scratch Exporg's ghost.
Exporg's ghost is almost destroyed.
Exporg's ghost hits you!
* * * LOW HITPOINT WARNING * * *
You claw Exporg's ghost!
Exporg's ghost is almost destroyed.
Exporg's ghost hits you!
You die...

)(.(.....##......#
####.....##.##...#
............###.#####
####.....#..#
#.#...###. #
#.....#..# #.#.#.....
# ##.##....# #.#...#
# #.##.#>####....####
# #.................#
# .....##..@.....# .
#.#.. #..W.....# .
...........# ..
#..##........# ## ..
.........!# .
###........#
##.#####.# #.# %.


You could see Exporg's ghost.

Vanquished Creatures
  An orc priest (D:3)
  Natasha (D:2)
  Robin (D:2)
  5 adders
  2 oozes
  4 dart slugs
  2 leopard geckos
  2 orcs (D:3)
  2 ball pythons
  2 giant cockroaches (D:1)
  12 goblins
  4 hobgoblins
  A quokka (D:2)
  5 bats (D:2)
  A frilled lizard (D:2)
  6 kobolds
  6 rats
57 creatures vanquished.

Vanquished Creatures (others)
  A worm (D:3)
1 creature vanquished.

Grand Total: 58 creatures vanquished

Notes
Turn   | Place    | Note
-------+----------+-------------------------------------------
     0 | D:1      | greprep the Ghoul Monk began the quest for the Orb.
     0 | D:1      | Reached XP level 1. HP: 19/19 MP: 0/0
   148 | D:1      | Reached XP level 2. HP: 26/26 MP: 1/1
   845 | D:2      | Reached XP level 3. HP: 33/33 MP: 2/2
   869 | D:2      | Reached skill level 4 in Unarmed Combat
  1051 | D:2      | Noticed Natasha
  1075 | D:2      | Killed Natasha
  1075 | D:2      | Reached XP level 4. HP: 30/40 MP: 3/3
  1231 | D:2      | Found a sparkling altar of Nemelex Xobeh.
  1353 | D:2      | Reached skill level 5 in Unarmed Combat
  1446 | D:3      | Noticed Robin
  1448 | D:3      | Reached XP level 5. HP: 34/46 MP: 4/4
  1754 | D:2      | Killed Robin
  1917 | D:3      | Noticed Exporg's ghost (amateur MiFi)
  1939 | D:3      | HP: 1/46 [Exporg's ghost (7)]
  1940 | D:3      | Mangled by Exporg's ghost

Skill      XL: |  1  2  3  4  5 |
---------------+----------------+-----
Unarmed Combat | 4 5 |  5.7
Dodging        | 3 |  3.3
Fighting       | 4 |  4.0
Stealth        | |  2.1

Action                   |  1- 3 |  4- 6 || total
-------------------------+-------+-------++-------
Melee: Unarmed           |    71 |   130 ||   201
       Punch             |       |     4 ||     4
  Use: Scroll            |       |     2 ||     2
 Stab: Sleeping          |    10 |     1 ||    11
       Distracted        |       |     1 ||     1
  Eat: Chunk             |     4 |    16 ||    20
Armor: Robe              |    10 |    20 ||    30
Dodge: Dodged            |    42 |    80 ||   122
